 Dungeon Crawl Stone Soup version 0.17-a0-1481-gfdcec5c (webtiles) character file.

1453 abixa the Cleaver (level 8, 0/69 HPs)
             Began as a Hill Orc Gladiator on July 4, 2015.
             Was a Believer of Okawaru.
             Killed from afar by an orc wizard (3 damage)
             ... with a puff of flame
             ... on level 4 of the Dungeon.
             The game lasted 00:25:49 (7642 turns).

abixa the Cleaver (Hill Orc Gladiator)              Turns: 7642, Time: 00:25:50

Health: 0/69       AC:  9    Str: 18    XL:     8   Next: 76%
Magic:  8/8        EV: 10    Int:  8    God:    Okawaru [**....]
Gold:   186        SH:  0    Dex: 13    Spells: 0 memorised, 7 levels left

rFire  . . .     SeeInvis .     a - +0 war axe
rCold  . . .     Clarity  .     P - +1 scale mail of Jeucs {rN+} (curse)
rNeg   + . .     SustAt   .     (no shield)
rPois  .         Gourm    .     (helmet restricted)
rElec  .         Spirit   .     (no cloak)
rCorr  .         Warding  .     (no gloves)
rMut   .         Stasis   .     M - +0 pair of boots
MR     .....                    (no amulet)
Stlth  +.........               (no ring)
                                (no ring)

@: not resistant to hostile enchantments, very unstealthy
A: horns 1, camouflage 1
a: Heroism, Renounce Religion


You were on level 4 of the Dungeon.
You worshipped Okawaru.
Okawaru was pleased with you.
You were hungry.

You visited 2 branches of the dungeon, and saw 6 of its levels.
You also visited: Ossuary.

You collected 186 gold pieces.

Inventory:

Hand weapons
 a - a +0 war axe (weapon)
 b - a +0 blowgun
Missiles
 d - 4 throwing nets
 g - 148 stones (quivered)
 u - 38 bolts
 x - 26 poisoned needles
 y - 3 tomahawks
 C - 17 arrows
 F - 15 steel bolts
 G - 32 sling bullets
 H - 5 needles of sleeping
Armour
 M - a +0 pair of boots (worn)
 P - the cursed +1 scale mail of Jeucs (worn) {rN+}
   (You found it on level 5 of the Dungeon)

   It protects you from negative energy.
   It has a curse placed upon it.
Magical devices
 I - a wand of flame (26)
Scrolls
 f - a scroll of enchant armour {unknown}
 i - a scroll of random uselessness {unknown}
 m - 4 scrolls of noise {unknown}
 n - 5 scrolls of remove curse {unknown}
 q - 5 scrolls of teleportation {unknown}
 r - 2 scrolls of fear {unknown}
 s - 5 scrolls of identify {unknown}
 t - a scroll of fog {unknown}
 w - 3 scrolls of blinking {unknown}
 A - 2 scrolls of enchant weapon {unknown}
 B - 3 scrolls of amnesia {unknown}
 E - a scroll of recharging {unknown}
 J - a scroll of magic mapping {unknown}
Potions
 h - 2 potions of degeneration {unknown}
 j - 2 potions of brilliance {unknown}
 k - 2 potions of haste {unknown}
 l - 2 potions of lignification {unknown}
 o - 4 potions of heal wounds {unknown}
 p - a potion of cancellation {unknown}
 v - a potion of ambrosia {unknown}
 z - a potion of mutation {unknown}
 D - a potion of invisibility {unknown}
 K - 2 potions of berserk rage {unknown}
 N - a potion of cure mutation {unknown}
 Q - a potion of flight {unknown}
Comestibles
 e - 5 bread rations
 L - a meat ration
 O - 2 beef jerkies
 R - a mutagenic chunk of flesh


   Skills:
 + Level 5.5 Fighting
 * Level 11.8 Axes
 - Level 2.0 Throwing
 + Level 4.1 Armour
 - Level 2.4 Dodging
 - Level 1.0 Invocations


You had 7 spell levels left.
You didn't know any spells.

Dungeon Overview and Level Annotations

Branches:
Dungeon (5/15)             Temple (1/1) D:4

Altars:
Ashenzari
Cheibriados
Dithmenos
Elyvilon
Fedhas
Gozag
Kikubaaqudgha
Makhleb
Nemelex Xobeh
Okawaru
Qazlal
Ru
Sif Muna
Trog
Vehumet
Xom
Yredelemnul
Zin
The Shining One

Annotations:
D:5 Charly's ghost, average MfIE


Innate Abilities, Weirdness & Mutations

You have a pair of small horns on your head.
Your skin changes colour to match your surroundings (Stealth).


Message History

The orc wizard is almost dead.
The orc wizard gestures at you while chanting.
The magic dart hits you!
* * * LOW HITPOINT WARNING * * *
You completely miss the orc wizard.
The orc wizard is almost dead.
The orc wizard hits you but does no damage.
The orc wizard mumbles some strange words.
The orc wizard flickers and vanishes!
Deactivating autopickup; reactivate with Ctrl-A.
You closely miss something.
You hear some strange, mumbled words.
A puff of flame appears from out of thin air!
The puff of flame hits you!
* * * LOW HITPOINT WARNING * * *
You closely miss something.
You hear some strange, mumbled words.
A puff of flame appears from out of thin air!
The puff of flame hits you!
You die...

###########......#
####+#.#### #.........#
#.........########
#................#
#......).........#
#................#
#......{...#######
#..)..@....#############
#..........#............
#..........#.###########
#..........#.#..<.......
#######
##########.#.#.#.#######
......# #.#.#.#........
#####.# #.#.#.#รท#.#####
#.# #.#.#.#)#...... #)#
#.#.#.#.#######


There were no monsters in sight!

Vanquished Creatures
  2 sky beasts (D:5)
  A phantom (D:4)
  A black bear (D:4)
  An ogre (D:4)
  2 elf skeletons (D:5)
  A human zombie (D:5)
  4 orc priests
  An orc wizard (D:4)
  A hound (D:5)
  2 human skeletons (D:5)
  Natasha (thrice) (D:3)
  3 iguanas
  3 worker ants (D:4)
  6 big kobold zombies (Ossuary)
  A hound skeleton (D:4)
  A mummy (Ossuary)
  11 adders
  4 gnolls (D:4)
  An adder zombie (D:5)
  4 worms
  A giant gecko (D:3)
  13 orcs
  5 spectral bats (Ossuary)
  11 bats
  4 bat simulacra (Ossuary)
  5 giant cockroaches
  7 goblins
  6 hobgoblins
  10 kobolds
  3 quokkas
  A giant gecko skeleton (D:4)
  A giant gecko zombie (D:5)
  3 giant newts
  6 gnoll zombies (Ossuary)
  4 goblin simulacra (Ossuary)
  9 goblin zombies (Ossuary)
  4 hobgoblin zombies (Ossuary)
  7 jackals
  4 kobold simulacra (Ossuary)
  2 kobold zombies (Ossuary)
  An orc skeleton (D:5)
  3 orc zombies (Ossuary)
  9 rats
  A rat simulacrum (Ossuary)
  3 spectral goblins (Ossuary)
  6 spectral kobolds (Ossuary)
  2 spectral rats (Ossuary)
184 creatures vanquished.

Notes
Turn   | Place    | Note
--------------------------------------------------------------
     0 | D:1      | abixa the Hill Orc Gladiator began the quest for the Orb.
     0 | D:1      | Reached XP level 1. HP: 18/18 MP: 1/1
   129 | D:1      | Reached XP level 2. HP: 22/25 MP: 2/2
   306 | D:1      | Reached skill level 5 in Axes
   789 | D:1      | Reached XP level 3. HP: 28/30 MP: 3/3
  1571 | D:3      | Reached skill level 6 in Axes
  1755 | D:3      | Reached XP level 4. HP: 19/37 MP: 4/4
  2029 | D:3      | Reached skill level 7 in Axes
  2269 | D:3      | Found a shimmering altar of Xom.
  2282 | D:3      | Reached XP level 5. HP: 38/42 MP: 5/5
  2411 | D:3      | Found a radiant altar of Vehumet.
  2501 | D:3      | Noticed Natasha
  2511 | D:3      | Killed Natasha
  2802 | D:3      | Found a basalt altar of Yredelemnul.
  2877 | D:3      | Reached skill level 8 in Axes
  3454 | D:3      | Noticed Natasha
  3462 | D:3      | Killed Natasha
  3462 | D:3      | Reached XP level 6. HP: 16/50 MP: 6/6
  3701 | D:3      | Noticed Natasha
  3708 | D:3      | Killed Natasha
  3727 | D:4      | Noticed a phantom
  3755 | D:4      | Killed a phantom
  3755 | D:4      | Reached skill level 9 in Axes
  4379 | D:4      | Found a staircase to the Ecumenical Temple.
  4388 | Temple   | Entered the Ecumenical Temple
  4404 | Temple   | Became a worshipper of Warmaster Okawaru
  4561 | D:4      | Reached XP level 7. HP: 41/56 MP: 7/7
  4672 | D:4      | Noticed an ogre
  4701 | D:4      | Reached skill level 1 in Armour
  4810 | D:4      | Killed an ogre
  4810 | D:4      | Reached skill level 10 in Axes
  5037 | D:4      | Noticed a black bear
  5054 | D:4      | Killed a black bear
  5054 | D:4      | Acquired Okawaru's first power
  5761 | D:5      | Entered Level 5 of the Dungeon
  5792 | D:5      | Reached XP level 8. HP: 62/66 MP: 8/8
  5963 | D:5      | Got a heavily runed scale mail
  5986 | D:5      | Identified the cursed +1 scale mail of Jeucs {rN+} (You found it on level 5 of the Dungeon)
  6037 | D:5      | Found a sand-covered staircase.
  6050 | D:5      | Reached skill level 11 in Axes
  6057 | Ossuary  | Entered an ossuary
  6292 | Ossuary  | Reached skill level 1 in Invocations
  6618 | D:5      | Reached skill level 5 in Fighting
  6748 | D:5      | Found a glowing silver altar of Zin.
  6748 | D:5      | Found a glowing golden altar of the Shining One.
  6748 | D:5      | Found an ancient bone altar of Kikubaaqudgha.
  6749 | D:5      | Noticed Charly's ghost (average MfIE)
  6820 | D:5      | Found a sacrificial altar of Ru.
  7563 | D:5      | Gained mutation: Your skin changes colour to match your surroundings (Stealth). [mutagenic meat]
  7567 | D:5      | Gained mutation: You have a pair of small horns on your head. [mutagenic meat]
  7641 | D:4      | HP: 3/69 [something/puff of flame (5)]
  7642 | D:4      | Killed from afar by an orc wizard

Vault maps used:
D:1:      arrival_zaba_pyramid
D:2:      serial_forest, infiniplex_forest_straight_2,
          infiniplex_forest_corner_1, infiniplex_forest_corner_2,
          infiniplex_forest_lined_room_2, infiniplex_forest_straight_4,
          infiniplex_forest_straight_1, first_bread, kennysheep_generic_room_10
D:3:      fiery_altar_vehumet, yredelemnul_altar_generic, xom_teletrap_fun,
          kennysheep_decorative_pillar, minmay_quantized, uniq_natasha
D:4:      minmay_temple_entry_glass
D:5:      grunt_temple_overflow_cloverleaf, nicolae_ossuary_entry_catacombs,
          fountainhead, amethyst_killhole
Temple:   circular_temple_12
Ossuary:  ossuary_zaba_two_paths

Action                   |  1- 3 |  4- 6 |  7- 9 || total
-------------------------+-------+-------+-------++-------
Melee: War axe           |   111 |   182 |   410 ||   703
 Fire: Blowgun           |       |       |     7 ||     7
Throw: Stone             |       |    18 |       ||    18
  Eat: Chunk             |     2 |    10 |    10 ||    22
       Fruit             |       |       |     1 ||     1
       Beef jerky        |       |       |     1 ||     1
